 Dungeon Crawl Stone Soup version 0.29-a0-892-g2c4c91d9db (webtiles) character file.

Game seed: 6824772229374750445

275902 Majang the Eclecticist (level 20, 0/147 HPs)
             Began as a Barachi Fighter on July 16, 2022.
             Was the Champion of Vehumet.
             Killed by a resonance strike
             ... invoked by a ragged hierophant
              (11 damage)
             ... in the Desolation of Salt on July 23, 2022.
             The game lasted 06:22:05 (56185 turns).

Majang the Eclecticist (Barachi Fighter)           Turns: 56185, Time: 06:22:09

Health: 0/147      AC: 10    Str: 16    XL:     20   Next: 35%
Magic:  19/43      EV: 15    Int: 23    God:    Vehumet [******]
Gold:   2808       SH:  5    Dex: 12    Spells: 7/58 levels left

rFire   + . .      SeeInvis .   b - staff of air
rCold   + . .      Faith    .   c - +0 buckler
rNeg    + + +      Spirit   .   X - +2 robe {rC+ rF+}
rPois   +          Reflect  .   A - +1 helmet
rElec   +          Harm     .   j - scarf {repulsion}
rCorr   .          Rampage  .   z - +1 pair of gloves
Will    +....                   y - +1 pair of boots
Stlth   ..........              Z - amulet of the Cast Vote {RegenMP rPois rN+++ Str-2 Stlth-}
HPRegen 0.34/turn               e - +6 ring of intelligence
MPRegen 0.68/turn               F - ring of wizardry

@: studying Ice Magic, repel missiles, slow
A: amphibious, slowness 1, strong legs 2, +LOS
}: 2/15 runes: barnacled, gossamer
a: Hop, Renounce Religion


You were in the Desolation of Salt.
You worshipped Vehumet.
Vehumet was exalted by your worship.
You visited 6 branches of the dungeon, and saw 33 of its levels.
You also visited: Gauntlet, Ice Cave and Desolation.

You collected 4584 gold pieces.
You spent 1776 gold pieces at shops.

Inventory:

Hand Weapons
 a - the +8 mithril axe "Arga" {speed, Will+}
   (You took it off a minotaur in a Gauntlet)

   Attacks with this weapon are significantly faster.
   Will:      It increases your willpower.
Missiles
 u - 5 silver javelins
Armour
 c - a +0 buckler (worn)
 j - a scarf of repulsion (worn)
 y - a +1 pair of boots (worn)
 z - a +1 pair of gloves (worn)
 A - a +1 helmet (worn)
 X - a +2 robe of resistance (worn)
Magical Staves
 b - a staff of air (weapon)
Jewellery
 e - a +6 ring of intelligence (left hand)
 t - a +6 ring of intelligence
 F - a ring of wizardry (right hand)
 N - the ring "Conill" {rC+ Dex+4}
   (You found it in an ice cave)

   [ring of protection from cold]

   Dex:       It affects your dexterity (+4).
   rC:        It protects you from cold.
 P - a ring of see invisible
 Q - a ring of protection from fire
 R - a ring of willpower
 V - a ring of resist corrosion
 Z - the amulet of the Cast Vote (around neck) {RegenMP rPois rN+++ Str-2 Stlth-}
   (You acquired it on level 15 of the Dungeon)

   [amulet of magic regeneration]

   It increases your rate of magic regeneration.
   Str:       It affects your strength (-2).
   rPois:     It protects you from poison.
   rN:        It renders you almost immune to negative energy.
   Stlth:     It makes you less stealthy.
Wands
 i - a wand of acid (21)
 s - a wand of iceblast (10)
 w - a wand of digging (31)
 C - a wand of flame (68)
 M - a wand of mindburst (7)
Scrolls
 h - 2 scrolls of blinking
 k - 3 scrolls of fog
 l - 5 scrolls of immolation
 o - 5 scrolls of fear
 r - 9 scrolls of teleportation
 x - a scroll of poison
 S - 4 scrolls of enchant armour
 W - 3 scrolls of summoning
Potions
 d - 6 potions of might
 f - 4 potions of lignification
 g - 2 potions of heal wounds
 m - 2 potions of cancellation
 q - 2 potions of haste
 B - 2 potions of mutation
 D - 21 potions of curing
 E - 2 potions of invisibility
 I - 9 potions of brilliance
 J - 6 potions of ambrosia
 K - 3 potions of resistance
 O - 4 potions of flight
 T - a potion of magic
Miscellaneous
 n - a condenser vane
 p - a lightning rod (4/4)
 U - a phial of floods
 Y - a phantom mirror


   Skills:
 - Level 10.0 Fighting
 - Level 3.1 Axes
 - Level 8.0 Staves
 - Level 3.6 Armour
 - Level 10.0 Dodging
 - Level 6.0 Shields
 * Level 19.7 Spellcasting
 + Level 16.8 Conjurations
 + Level 19.1 Ice Magic
 + Level 16.4 Air Magic
 - Level 10.0 Evocations


You had 7 spell levels left.
You knew the following spells:

 Your Spells              Type           Power      Damage    Failure   Level
b - Iskenderun's Mystic   Conj/Tloc      57%        2d12      1%          4
c - Maxwell's Capacitive  Air            49%        ∞         2%          8
f - Freezing Cloud        Conj/Ice/Air   50%        6-21      1%          5
l - Lightning Bolt        Conj/Air       49%        1d70      1%          5
m - Mephitic Cloud        Conj/Pois/Air  84%        N/A       1%          3
o - Ozocubu's Refrigerat  Ice            42%        4d13      1%          7
t - Airstrike             Air            49%        0-16+     1%          4
v - Polar Vortex          Ice            42%        N/A       12%         9
L - Conjure Ball Lightni  Conj/Air       49%        3x3d17    1%          6

Your spell library contained the following spells:

 Spells                   Type           Power      Damage    Failure   Level
 Chain Lightning          Conj/Air       49%        3d66      28%         9
 Fire Storm               Conj/Fire      28%        8d7       99%         9
 Freeze                   Ice            100%       1d11      0%          1
 Magic Dart               Conj           100%       1d8       0%          1
 Shock                    Conj/Air       100%       1d9       0%          1
 Searing Ray              Conj           100%       2d8       0%          2
 Static Discharge         Conj/Air       99%        3-16/arc  0%          2
 Frozen Ramparts          Ice            100%       1d12      0%          3
 Swiftness                Air            99%        N/A       0%          3
 Hailstorm                Conj/Ice       81%        3d16      0%          4
 Necrotise                Necr           88%        1d8       1%          1
 Sting                    Tmut/Pois      88%        1d7       1%          1
 Call Imp                 Summ           22%        N/A       1%          2
 Poisonous Vapours        Pois/Air       100%       N/A       1%          2
 Conjure Flame            Conj/Fire      57%        6-21      1%          3
 Dazzling Flash           Conj/Hex       100%       N/A       1%          3
 Ignite Poison            Fire/Tmut/Pois 22%        N/A       1%          3
 Inner Flame              Hex/Fire       22%        N/A       1%          3
 Fulminant Prism          Conj/Hex       28%        3d14      1%          4
 Ice Form                 Ice/Tmut       61%        N/A       1%          4
 Sticky Flame             Conj/Fire      57%        2d7       1%          4
 Fireball                 Conj/Fire      28%        3d12      1%          5
 Iskenderun's Battlesphe  Conj           79%        2d13      1%          5
 Iron Shot                Conj/Erth      28%        9d6       1%          6
 Starburst                Conj/Fire      28%        6d9       1%          6
 Orb of Destruction       Conj           39%        9d11      1%          7
 Confusing Touch          Hex            22%        N/A       3%          3
 Lesser Beckoning         Tloc           22%        N/A       3%          3
 Vampiric Draining        Necr           22%        2d7       3%          3
 Olgreb's Toxic Radiance  Pois           22%        N/A       3%          4
 Simulacrum               Ice/Necr       30%        N/A       3%          6
 Lee's Rapid Deconstruct  Erth           11%        3d9*      9%          5
 Yara's Violent Unravell  Hex/Tmut       11%        3d6       9%          5
 Animate Armour           Summ/Erth      44%        N/A       11%         4
 Cause Fear               Hex            11%        N/A       11%         4
 Leda's Liquefaction      Hex/Erth       11%        N/A       11%         4
 Agony                    Necr           22%        N/A       28%         5
 Blade Hands              Tmut           11%        N/A       28%         5
 Dispersal                Tloc           11%        N/A       82%         6
 Statue Form              Tmut/Erth      14%        N/A       82%         6
 Dragon Form              Tmut           11%        N/A       100%        7
 Enfeeble                 Hex            11%        N/A       100%        7
 Discord                  Hex            11%        N/A       100%        8
 Disjunction              Tloc           11%        N/A       100%        8
 Dragon's Call            Summ           11%        N/A       100%        9


Dungeon Overview and Level Annotations

Branches:
Dungeon (15/15)            Temple (0/1) D:7            Lair (6/6) D:9
 Shoals (4/4) Lair:4       Spider (4/4) Lair:3        Slime (0/5) Lair:5
    Orc (2/2) D:11            Elf (2/3) Orc:2        Vaults (0/5) D:13
 Depths (0/4) D:15          IceCv (visited)         Desolation (1/1)
Gauntlet (visited)

Altars:
Cheibriados
Dithmenos
Fedhas
Hepliaklqana
Okawaru
Ru
Uskayaw
Vehumet
Xom
The Shining One
Jiyva

Shops:
D:2 (   D:15 *   Orc:2 *!!*   Elf:1 [


Innate Abilities, Weirdness & Mutations

You are amphibious.
You cover ground slowly.
You can hop long distances.
You have an extended range of vision and can be seen from far away.


Message History

Aiming: Airstrike (safe; 1% risk of failure)
Press: ? - help, Dir - move target, f - saltling
Aim: a saltling (empty space bonus: 8/8)
You feel a surge of power!
The air twists around and strikes the saltling!!
The saltling is almost destroyed.
Casting: Airstrike (safe; 1% risk of failure)
Confirm with . or Enter, or press ? or * to list all spells.
Aiming: Airstrike (safe; 1% risk of failure)
Press: ? - help, Dir - move target, f/p - saltling
Aim: a saltling (almost destroyed, empty space bonus: 8/8)
You feel a surge of power!
The air twists around and strikes the saltling!!
You destroy the saltling!
Vehumet accepts your kill.
A saltling comes into view.
Casting: Airstrike (safe; 1% risk of failure)
Confirm with . or Enter, or press ? or * to list all spells.
Aiming: Airstrike (safe; 1% risk of failure)
Press: ? - help, Dir - move target, f - saltling
Aim: a saltling (empty space bonus: 8/8)
You feel a surge of power!
The air twists around and strikes the saltling!!
The saltling is almost destroyed.
A ragged hierophant comes into view. It is wielding a +0 long sword.
Casting: Airstrike (safe; 1% risk of failure)
Confirm with . or Enter, or press ? or * to list all spells.
Aiming: Airstrike (safe; 1% risk of failure)
Press: ? - help, Dir - move target, f/p - saltling
Aim: a saltling (almost destroyed, empty space bonus: 8/8)
You feel a surge of power!
The air twists around and strikes the saltling!
You destroy the saltling!
Vehumet accepts your kill.
You feel your power returning.
You can drink potions again.
A saltling comes into view.
The ragged hierophant points at you and mumbles some strange words.
A blast of power from the earth strikes you!
You die...

.................a..
....................
......#....)....9...
...................
........)........#
.......).....)...#..
..........).........
.........))†).......
...)....∩.@.........
.........).)........
..........).........
....................
.............#.§§.§.
.#.............§§.§.
................§§§.
................9...
................§§.


You could see a ragged hierophant and 2 saltlings.

Vanquished Creatures
  Mara (Spider:3)
  Bai Suzhen (Spider:4)
  A golden dragon (IceCv)
  Jorgrun (D:14)
  A titan (Shoals:4)
  Polyphemus (Shoals:3)
  The ghost of Jano the Warrior, an adept DjEE of Ru (Spider:4)
  A sphinx (D:12)
  A storm dragon (Elf:1)
  Kirke (Spider:3)
  Roxanne (Shoals:3)
  Ilsuiw (Shoals:3)
  9 emperor scorpions
  An emperor scorpion (shapeshifter) (D:13)
  An iron dragon (Elf:1)
  An orc warlord (Orc:1)
  Aizul (Shoals:1)
  4 broodmothers
  3 ghost moths
  A deep elf elementalist (Elf:1)
  The ghost of flestrin the Transmogrifier, a journeyman DrTm of Wu Jian (Lair:6)
  2 deep elf demonologists (Elf:1)
  3 dire elephants
  A halazid warlock (Desolation)
  3 entropy weavers
  A minotaur (Gauntlet)
  Snorg (D:14)
  3 crystal guardians (Desolation)
  10 merfolk impalers
  2 merfolk javelineers (Shoals:4)
  5 fire dragons
  4 servants of whispers (Desolation)
  A deep elf high priest (Elf:1)
  5 ragged hierophants (Desolation)
  4 boulder beetles
  16 hydras
  7 ice dragons
  10 centaur warriors
  3 peacekeepers (Desolation)
  4 vault guards (D:13)
  A jorogumo (Spider:4)
  3 alligator snapping turtles
  A death knight (D:12)
  5 merfolk aquamancers
  2 radroaches
  5 two-headed ogres
  2 catoblepae
  2 merfolk avatars (Shoals:2)
  3 tengu warriors
  4 dancing weapons
  8 death yaks
  A naga sharpshooter (D:15)
  2 orc high priests
  The ghost of jotwebe the Grappler, a novice DrTm of Wu Jian (D:8)
  4 deep elf knights
  8 skeletal warriors
  7 pharaoh ants
  6 sea snakes
  A sun moth (Spider:4)
  4 sixfirhies (Gauntlet)
  11 steelbarb worms
  12 orb spiders
  An orange crystal statue (IceCv)
  4 ironbound convokers (Desolation)
  17 deep elf archers
  11 deep elf zephyrmancers (Elf:1)
  2 orc knights
  12 deep elf pyromancers
  19 wolf spiders
  A lindwurm (Lair:6)
  17 harpies
  2 oklob plants
  8 manticores
  11 orc sorcerers
  6 fauns
  25 ugly things
  7 moths of wrath
  2 large abominations (Gauntlet)
  A shining eye (shapeshifter) (Elf:1)
  4 cyclopes
  3 guardian serpents (Desolation)
  4 elephants (Lair:5)
  7 black mambas
  7 merfolk sirens
  5 water nymphs
  Joseph (D:8)
  5 cane toads
  5 storm dragon simulacra (IceCv)
  2 demonic crawlers
  8 torpor snails
  4 komodo dragons
  2 rime drakes
  An unseen horror (D:11)
  A queen bee (D:8)
  4 tyrant leeches (Lair:6)
  10 meliai
  9 trolls
  8 golden dragon simulacra (IceCv)
  29 merfolk
  7 hornets
  28 saltlings (Desolation)
  13 polar bears
  11 wind drakes
  15 dream sheep
  15 tarantellas
  18 blink frogs
  6 snapping turtles
  12 slime creatures
  27 jumping spiders
  48 yaks
  24 water elementals
  8 air elementals
  2 shadows (D:10)
  25 culicivoras
  3 wyverns
  2 basilisks
  A vampire (D:11)
  6 hogs (Spider:3)
  3 fire elementals
  6 humans (D:10)
  4 steam dragons
  Eustachio (D:5)
  A swamp worm (shapeshifter) (Elf:1)
  A vampire mosquito (D:12)
  61 redbacks
  10 wargs
  An acid dragon (D:12)
  14 water moccasins
  Duvessa (D:6)
  16 hell hounds
  31 orc warriors
  2 ice beasts (D:6)
  5 ice dragon simulacra (IceCv)
  13 black bears
  5 ogres
  29 wolves
  A phantom (D:4)
  9 centaurs
  5 kobold brigands
  3 small abominations (Gauntlet)
  2 necrophages
  3 scorpions
  8 bullfrogs
  2 earth elementals (Elf:1)
  4 gnoll sergeants
  3 wights (D:8)
  Dowan (D:6)
  13 killer bees
  3 lindwurm simulacra (IceCv)
  6 howler monkeys
  10 electric eels
  2 jellies (Gauntlet)
  6 hounds
  4 gnoll boudas
  19 orc priests
  5 iguanas
  40 orc wizards
  27 gnolls
  7 adders
  A shadow imp (D:7)
  A white imp (D:6)
  An ufetubus (D:4)
  2 worms (D:4)
  A dart slug (D:4)
  110 orcs
  9 ball pythons
  5 endoplasms
  4 giant cockroaches
  3 goblins
  9 hobgoblins
  5 jackals
  A quokka (D:3)
  3 bats
  4 frilled lizards
  32 kobolds
  3 rats
  2 bushes (Shoals:1)
  3 fulminant prisms
  10 pillars of salt (Elf:2)
1344 creatures vanquished.

Vanquished Creatures (collateral kills)
  A killer bee (D:9)
  4 ball lightnings
5 creatures vanquished.

Vanquished Creatures (others)
  2 orcs (D:8)
  188 ball lightnings
  66 fulminant prisms
  52 fungi
  141 plants
449 creatures vanquished.

Grand Total: 1798 creatures vanquished

Notes
Turn   | Place    | Note
-------+----------+-------------------------------------------
     0 | D:1      | Majang the Barachi Fighter began the quest for the Orb.
     0 | D:1      | Reached XP level 1. HP: 18/18 MP: 1/1
   155 | D:1      | Reached XP level 2. HP: 25/25 MP: 2/2
   598 | D:1      | Found a faded altar of an unknown god.
   606 | D:1      | Prayed at the altar of an unknown god.
   606 | D:1      | Became a worshipper of Vehumet
   606 | D:1      | Reached * piety under Vehumet
   606 | D:1      | Offered knowledge of Freeze by Vehumet.
   673 | D:1      | Learned a level 1 spell: Freeze
  1174 | D:2      | Reached XP level 3. HP: 30/30 MP: 3/3
  1309 | D:2      | Reached skill level 1 in Ice Magic
  1419 | D:2      | Reached skill level 1 in Spellcasting
  1441 | D:2      | Learned a level 1 spell: Magic Dart
  1700 | D:2      | Found Masad's Antique Weapon Shoppe.
  2295 | D:3      | Found a snail-covered altar of Cheibriados.
  2334 | D:3      | Reached XP level 4. HP: 35/37 MP: 1/6
  2612 | D:3      | Identified the +0 leather armour "Hoqeyhess" {Harm rC+++
                  | Will- Str+5}
  2733 | D:3      | Found a glowing golden altar of the Shining One.
  2736 | D:3      | Reached skill level 1 in Conjurations
  2756 | D:3      | Reached ** piety under Vehumet
  2756 | D:3      | Offered knowledge of Searing Ray by Vehumet.
  2760 | D:3      | Learned a level 2 spell: Searing Ray
  3333 | D:4      | Reached XP level 5. HP: 37/42 MP: 1/8
  3479 | D:4      | Identified a scroll of acquirement
  3479 | D:4      | Acquired a +1 broad axe of electrocution
  3652 | D:4      | Noticed a black bear
  3743 | D:4      | Noticed a phantom
  4032 | D:4      | Learned a level 3 spell: Mephitic Cloud
  4092 | D:4      | Killed a phantom
  4093 | D:4      | Reached XP level 6. HP: 44/48 MP: 2/10
  4279 | D:4      | Killed a black bear
  4344 | D:4      | Identified the +3 scale mail "Niyxom" {Dex+3}
  4604 | D:5      | Entered Level 5 of the Dungeon
  4627 | D:5      | Reached skill level 5 in Ice Magic
  4661 | D:5      | Noticed Ijyb
  4674 | D:5      | HP: 1/48 [Ijyb/+4 dagger of electrocution (19)]
  4678 | D:5      | Noticed Ijyb
  4678 | D:5      | Ijyb changed into Ijyb the ball python
  4679 | D:5      | Killed Ijyb the ball python
  5002 | D:5      | Reached XP level 7. HP: 54/54 MP: 3/11
  5195 | D:5      | Reached skill level 1 in Air Magic
  5250 | D:5      | Noticed Eustachio
  5265 | D:5      | Killed Eustachio
  5410 | D:5      | Reached skill level 1 in Dodging
  5410 | D:5      | Reached skill level 1 in Evocations
  5968 | D:6      | Reached XP level 8. HP: 49/61 MP: 2/13
  6165 | D:6      | Noticed Dowan
  6307 | D:6      | Noticed Duvessa
  6315 | D:6      | Killed Duvessa
  6322 | D:6      | Killed Dowan
  6472 | D:6      | Offered knowledge of Scorch by Vehumet.
  6541 | D:6      | Reached skill level 5 in Fighting
  7097 | D:6      | Reached skill level 5 in Conjurations
  7097 | D:6      | Reached XP level 9. HP: 68/68 MP: 9/16
  7483 | D:7      | Found a staircase to the Ecumenical Temple.
  7540 | D:7      | Reached *** piety under Vehumet
  7655 | D:7      | Reached skill level 5 in Spellcasting
  8407 | D:7      | Found a blossoming altar of Fedhas.
  8449 | D:7      | Found a hazy altar of Hepliaklqana.
  8557 | D:8      | Found a transporter.
  8562 | D:8      | Found a transporter.
  8562 | D:8      | Identified the +9 arbalest "Qim Uti" {freeze, rElec rF+++
                  | Dex-5 SInv}
  8564 | D:8      | Noticed jotwebe's ghost (novice DrTm)
  8565 | D:8      | Noticed a hornet
  8577 | D:8      | Noticed a queen bee
  8602 | D:8      | Noticed Joseph
  8619 | D:8      | Killed Joseph
  9009 | D:8      | Found an iron altar of Okawaru.
  9052 | D:8      | Reached skill level 5 in Shields
  9169 | D:8      | Found a hide-covered altar of Uskayaw.
  9234 | D:7      | Offered knowledge of Fulminant Prism by Vehumet.
  9240 | D:7      | Learned a level 4 spell: Fulminant Prism
  9551 | D:8      | Reached XP level 10. HP: 38/76 MP: 9/19
 10591 | D:9      | Found a shadowy altar of Dithmenos.
 10624 | D:9      | Reached **** piety under Vehumet
 10638 | D:9      | Offered knowledge of Lee's Rapid Deconstruction by Vehumet.
 11041 | D:9      | Found a staircase to the Lair.
 11048 | D:9      | Identified the +1 pair of boots of Ysong {Str+5 Int-5}
 11052 | D:9      | Reached skill level 1 in Staves
 11414 | Lair:1   | Entered Level 1 of the Lair of Beasts
 11529 | Lair:1   | Noticed a black mamba
 11535 | Lair:1   | Reached skill level 5 in Air Magic
 11536 | Lair:1   | Reached skill level 5 in Evocations
 11536 | Lair:1   | Reached XP level 11. HP: 72/83 MP: 7/21
 11910 | Lair:1   | Reached skill level 5 in Dodging
 12525 | Lair:1   | Noticed a five-headed hydra
 12532 | Lair:1   | Killed a five-headed hydra
 13472 | Lair:2   | Noticed an eight-headed hydra
 13481 | Lair:2   | Killed an eight-headed hydra
 14659 | Lair:3   | Reached XP level 12. HP: 82/92 MP: 10/24
 15848 | Lair:3   | Found a hole to the Spider Nest.
 16053 | Lair:3   | Reached ***** piety under Vehumet
 16431 | Lair:4   | Found a staircase to the Shoals.
 16436 | Lair:4   | Offered knowledge of Airstrike by Vehumet.
 16472 | Lair:3   | Learned a level 4 spell: Airstrike
 16671 | Lair:4   | Reached skill level 10 in Conjurations
 16846 | Lair:4   | Noticed an eight-headed hydra
 16965 | Lair:4   | Killed an eight-headed hydra
 17376 | Lair:4   | Noticed a catoblepas
 17388 | Lair:4   | Killed a catoblepas
 17645 | Lair:4   | Gained mutation: You can hop long distances. [Barachi
                  | growth]
 17645 | Lair:4   | Reached XP level 13. HP: 99/99 MP: 18/26
 18155 | Lair:5   | Reached skill level 5 in Staves
 18456 | Lair:5   | Found a viscous altar of Jiyva.
 18456 | Lair:5   | Found a staircase to the Slime Pits.
 18670 | Lair:5   | Reached skill level 10 in Spellcasting
 19097 | Lair:5   | Reached skill level 10 in Ice Magic
 19600 | Lair:5   | Upgraded the game from 0.29-a0-866-g0545e20025 to
                  | 0.29-a0-872-g797fff5ad1
 19613 | Lair:6   | Entered Level 6 of the Lair of Beasts
 20655 | Lair:6   | Learned a level 4 spell: Iskenderun's Mystic Blast
 20662 | Lair:6   | Learned a level 6 spell: Conjure Ball Lightning
 20691 | Lair:6   | Found a shimmering altar of Xom.
 20691 | Lair:6   | Noticed flestrin's ghost (journeyman DrTm)
 20709 | Lair:6   | Found a runed translucent door.
 21083 | Lair:6   | Reached XP level 14. HP: 83/109 MP: 17/28
 21753 | Lair:6   | Offered knowledge of Ozocubu's Refrigeration by Vehumet.
 22202 | Lair:6   | Found a runed translucent door.
 22216 | Lair:6   | Learned a level 5 spell: Freezing Cloud
 22225 | Lair:6   | Learned a level 7 spell: Ozocubu's Refrigeration
 22649 | Lair:6   | Reached skill level 10 in Fighting
 22681 | Lair:6   | Noticed a dire elephant
 22690 | Lair:6   | Killed a dire elephant
 22982 | Lair:6   | Reached skill level 10 in Air Magic
 23704 | D:10     | Entered Level 10 of the Dungeon
 23900 | D:8      | Killed jotwebe's ghost
 24619 | D:10     | Found a sacrificial altar of Ru.
 24680 | D:10     | Offered knowledge of Irradiate by Vehumet.
 24965 | D:11     | Found a gate leading to a gauntlet.
 24982 | Gauntlet | Entered a Gauntlet
 24982 | Gauntlet | Found a transporter.
 24986 | Gauntlet | Found a transporter.
 24986 | Gauntlet | Found a transporter.
 25000 | Gauntlet | Found a transporter.
 25004 | Gauntlet | Found a transporter.
 25009 | Gauntlet | Noticed an entropy weaver
 25013 | Gauntlet | Found a transporter.
 25030 | Gauntlet | Found a runed translucent door.
 25031 | Gauntlet | Found a transporter.
 25032 | Gauntlet | Found a runed translucent door.
 25035 | Gauntlet | Found a transporter.
 25052 | Gauntlet | Found a transporter.
 25059 | Gauntlet | Found a transporter.
 25062 | Gauntlet | Found a runed translucent door.
 25080 | Gauntlet | Found a transporter.
 25081 | Gauntlet | Found a transporter.
 25108 | Gauntlet | Found a transporter.
 25113 | Gauntlet | Found a transporter.
 26024 | D:11     | Found a staircase to the Orcish Mines.
 26747 | Orc:1    | Entered Level 1 of the Orcish Mines
 26958 | Orc:1    | Reached XP level 15. HP: 115/115 MP: 20/30
 27306 | Orc:1    | Reached ****** piety under Vehumet
 27582 | Orc:1    | Noticed an orc warlord
 27583 | Orc:1    | Offered knowledge of Yara's Violent Unravelling by Vehumet.
 27589 | Orc:1    | Killed an orc warlord
 28093 | Orc:2    | Entered Level 2 of the Orcish Mines
 28583 | Orc:2    | Found a staircase to the Elven Halls.
 28754 | Orc:2    | Found Ytunn's Distillery.
 28757 | Orc:2    | Offered knowledge of Eringya's Noxious Bog by Vehumet.
 28799 | Orc:2    | Paralysed by an orc sorcerer for 4 turns
 28877 | Orc:2    | Found Zep Ween's Assorted Antiques.
 28962 | Orc:2    | Bought a potion of brilliance for 60 gold pieces
 28962 | Orc:2    | Bought a potion of brilliance for 60 gold pieces
 28962 | Orc:2    | Bought a potion of heal wounds for 75 gold pieces
 28962 | Orc:2    | Bought a potion of heal wounds for 75 gold pieces
 28962 | Orc:2    | Bought a potion of curing for 45 gold pieces
 28977 | Orc:2    | Bought a scroll of teleportation for 93 gold pieces
 28977 | Orc:2    | Bought a scroll labelled ENIF HYTARAMP for 31 gold pieces
 29037 | Orc:2    | Paralysed by an orc sorcerer for 5 turns
 29375 | Orc:2    | Found Hinel's Distillery.
 29375 | Orc:2    | Found Nikel's Assorted Antiques.
 29381 | Orc:2    | Bought a potion of brilliance for 136 gold pieces
 29381 | Orc:2    | Bought a potion of curing for 102 gold pieces
 29381 | Orc:2    | Bought a potion of curing for 102 gold pieces
 29381 | Orc:2    | Bought a scroll of enchant armour for 255 gold pieces
 29381 | Orc:2    | Bought a potion of curing for 102 gold pieces
 29381 | Orc:2    | Bought 2 potions of brilliance for 272 gold pieces
 29444 | Orc:2    | Bought a potion of resistance for 160 gold pieces
 29444 | Orc:2    | Bought 2 potions of brilliance for 128 gold pieces
 29444 | Orc:2    | Bought a potion of heal wounds for 80 gold pieces
 30334 | D:12     | Offered knowledge of Spellforged Servitor by Vehumet.
 31088 | D:12     | Noticed a sphinx
 31096 | D:12     | Killed a sphinx
 31497 | Shoals:1 | Entered Level 1 of the Shoals
 31497 | Shoals:1 | Noticed Aizul
 31509 | Shoals:1 | Killed Aizul
 32162 | Shoals:1 | Learned a level 5 spell: Lightning Bolt
 32267 | Shoals:1 | Identified the +5 rapier of Satyriasis {flame, Will+ Str+4}
 32455 | Shoals:1 | Reached skill level 10 in Evocations
 32455 | Shoals:1 | Reached XP level 16. HP: 92/122 MP: 20/33
 32456 | Shoals:1 | Reached skill level 10 in Dodging
 32875 | Shoals:1 | Identified the +0 animal skin "Adasutej" {Harm rF- Str+3
                  | SInv}
 34095 | Shoals:2 | Offered knowledge of Lehudib's Crystal Spear by Vehumet.
 34936 | Shoals:3 | Noticed Polyphemus
 34941 | Shoals:3 | Killed Polyphemus
 34951 | Shoals:3 | Noticed Ilsuiw
 34958 | Shoals:3 | Killed Ilsuiw
 35382 | Shoals:3 | Noticed Roxanne
 35466 | Shoals:3 | Identified the +10 plate armour of Feasting {rElec Int+3
                  | Dex+5}
 35714 | Shoals:3 | Upgraded the game from 0.29-a0-872-g797fff5ad1 to
                  | 0.29-a0-878-g7b45a56547
 36141 | Shoals:4 | Entered Level 4 of the Shoals
 36161 | Shoals:4 | Paralysed by an air elemental for 1 turns
 37191 | Shoals:4 | Reached XP level 17. HP: 128/128 MP: 31/35
 37367 | Shoals:4 | Paralysed by an air elemental for 1 turns
 37625 | Shoals:4 | Reached skill level 15 in Spellcasting
 38404 | Shoals:4 | Paralysed by an air elemental for 1 turns
 38996 | Shoals:4 | Noticed a titan
 39012 | Shoals:4 | Killed a titan
 39128 | Shoals:4 | Got the Grimoire of Unstable Glaciation
 39212 | Shoals:4 | Got a barnacled rune of Zot
 39442 | Lair:1   | Learned a level 8 spell: Maxwell's Capacitive Coupling
 39803 | Shoals:3 | Killed Roxanne
 40502 | D:13     | Offered knowledge of Fire Storm by Vehumet.
 40502 | D:13     | Offered knowledge of Chain Lightning by Vehumet.
 40502 | D:13     | Offered knowledge of Polar Vortex by Vehumet.
 40820 | D:13     | Found a gate to the Vaults.
 41416 | Lair:6   | Killed flestrin's ghost
 41845 | D:14     | Noticed Jorgrun
 41850 | D:14     | Killed Jorgrun
 41988 | D:14     | Noticed Snorg
 42001 | D:14     | Killed Snorg
 42955 | D:15     | Entered Level 15 of the Dungeon
 43174 | D:15     | Found Padeinil's Serpentskin Sales.
 43712 | D:15     | Reached XP level 18. HP: 134/134 MP: 33/38
 44047 | D:15     | Found a staircase to the Depths.
 44069 | D:15     | Acquired the amulet of the Cast Vote {RegenMP rPois rN+++
                  | Str-2 Stlth-}
 44315 | Spider:1 | Entered Level 1 of the Spider Nest
 45372 | Spider:1 | Reached skill level 15 in Ice Magic
 46875 | Spider:2 | Found a frozen archway.
 46880 | IceCv    | Entered an ice cave
 47372 | IceCv    | Noticed a golden dragon
 47391 | IceCv    | Killed a golden dragon
 47428 | IceCv    | Reached skill level 15 in Conjurations
 47593 | IceCv    | Identified the ring "Conill" {rC+ Dex+4}
 47969 | Spider:2 | Upgraded the game from 0.29-a0-878-g7b45a56547 to
                  | 0.29-a0-886-gfb1a3fa8b1
 49158 | Spider:3 | Noticed Mara
 49321 | Spider:3 | Noticed Majang's illusion
 49321 | Spider:3 | Killed Mara
 49341 | Spider:3 | Noticed Kirke
 49343 | Spider:3 | Reached skill level 15 in Air Magic
 49352 | Spider:3 | Killed Kirke
 50668 | Spider:4 | Entered Level 4 of the Spider Nest
 50671 | Spider:4 | Reached XP level 19. HP: 140/140 MP: 32/40
 51858 | Spider:4 | Found a runed translucent door.
 51858 | Spider:4 | Found a shimmering altar of Xom.
 51858 | Spider:4 | Noticed Jano's ghost (adept DjEE)
 52807 | Spider:4 | Noticed Bai Suzhen
 52843 | Spider:4 | Killed Bai Suzhen
 53468 | Spider:4 | Got a gossamer rune of Zot
 53557 | Spider:4 | Killed Jano's ghost
 53745 | Spider:4 | Identified the +0 leather armour of Muoninum {Will+}
 54033 | Elf:1    | Entered Level 1 of the Elven Halls
 54639 | Elf:1    | Found Ugues's Antique Armour Emporium.
 54860 | Elf:1    | Noticed a Tzitzimitl
 54973 | Elf:1    | Found a runed translucent gate.
 54973 | Elf:1    | Found a runed translucent gate.
 54973 | Elf:1    | Found a runed translucent gate.
 54973 | Elf:1    | Found a runed translucent gate.
 54973 | Elf:1    | Found a runed translucent gate.
 54976 | Elf:1    | Found a runed translucent gate.
 55151 | Elf:1    | Reached XP level 20. HP: 78/147 MP: 43/43
 55737 | Elf:1    | Learned a level 9 spell: Polar Vortex
 56007 | Elf:1    | Upgraded the game from 0.29-a0-886-gfb1a3fa8b1 to
                  | 0.29-a0-892-g2c4c91d9db
 56013 | Elf:2    | Found a crumbling gateway.
 56079 | Desolati | Entered the Desolation of Salt
 56170 | Desolati | HP: 6/147 [halazid warlock (25)]
 56185 | Desolati | Killed from afar by a ragged hierophant

Illustrated notes

Levels and vault maps discovered:
D:1:      co_arrival_square_in_a_square_in_a_square, layout_basic,
          ebering_ecumenical_altar_hall
D:2:      layout_basic, serial_shops, nicolae_diamond_shop, minmay_tetromino_o2
D:3:      layout_basic, lemuel_doored_altar, tso_metal_star,
          kennysheep_decorative_pillar, dreamdust_mushroom_princess
D:4:      layout_cave_pools, chequers_jeans, minmay_fractal_squares_diagonal_5
D:5:      layout_gridville, uniq_eustachio, uniq_ijyb
D:6:      layout_gridville, uniq_duvessa
D:7:      layout_cave_pools, lemuel_tele_altar, kennysheep_mini,
          minmay_temple_entry_arrows
D:8:      layout_basic, mainiacjoe_overflow_tiny_flanked, kennysheep_mini_moat,
          gammafunk_ghost_hive, item_on_display_a, uniq_joseph
D:9:      layout_grid_maze, mainiacjoe_overflow_chevrons, erik_lair_island,
          minivault_26
D:10:     layout_cross, nicolae_ru_the_path_less_chosen, minmay_ruffians
D:11:     layout_roguey, david_orc_4, gauntlet_entry_generic
D:12:     kennysheep_green_arena, layout_rooms
D:13:     wander_river, layout_gridville, lightli_vaults_fourway_checkpoint
D:14:     layout_rooms, chequers_decorated_corner, serial_bayou_ford_a,
          uniq_jorgrun, uniq_snorg
D:15:     grunt_enter_depths_hoard, layout_rooms, minmay_misc_feat_nine_boxes,
          minmay_misc_feat_secret_circle, guppyfry_shop_venom
Lair:1:   layout_roguey, dreamdust_gnoll_shepherd
Lair:2:   layout_layer_cave
Lair:3:   layout_cave_pods, nicolae_spider_entry_orb_guardian,
          serial_bayou_shore_a, lemuel_fruit_tree, infiniplex_staircase_pool,
          grunt_megastairs_3
Lair:4:   layout_regular_city, elwin_shoals_entry_stream, st_stairs_6,
          serial_bayou_shore_b
Lair:5:   layout_big_grid, slime_entry_1, nicolae_lair_grazing_beasts
          [nicolae_sub_lair_graze_edge, nicolae_sub_lair_graze_edge,
          nicolae_sub_lair_graze_edge, nicolae_sub_lair_graze_edge]
Lair:6:   wormcave, layout_small_grid, hangedman_lair_caniforms_friends,
          ebering_ghost_xom
Shoals:1: argonaut_golden_fleece, layout_shoals, uniq_aizul
Shoals:2: layout_shoals
Shoals:3: layout_shoals, uniq_polyphemus, uniq_roxanne, uniq_ilsuiw
Shoals:4: shoals_end_hellmonk_storm_palace [storm_palace_center_ruins,
          storm_palace_corner_reverse_hut, storm_palace_corner_blocked,
          storm_palace_corner_pillars, storm_palace_corner_narrow]
Spider:1: layout_spider_delve, beargit_elvish_explorers
Spider:2: layout_cave_pods, portal_ice_cave_entry_pillars_2
Spider:3: layout_spider_delve, uniq_kirke, uniq_mara
Spider:4: grunt_spider_rune_circles, ebering_ghost_xom, uniq_bai_suzhen
Orc:1:    layout_caves
Orc:2:    st_orc_town, layout_diamond_mine, basic_altar, mines3_lemuel
Elf:1:    minmay_elf_arrival_circle, layout_loops_cross, serial_shops, shop,
          orc_legates
Elf:2:    nicolae_elf_blades_splatter_lattice [nicolae_blade_tridents],
          layout_geoelf_octagon, portal_desolation_entry_garden
Desolation

Skill      XL: |  1  2  3  4  5  6  7  8  9 10 11 12 13 14 15 16 17 18 19 20 |
---------------+-------------------------------------------------------------+-----
Axes           | 3 |  3.1
Fighting       | 4 5 6 7 8 9 10 | 10.0
Ice Magic      | 2 3 4 5 6 7 8 9 10 11 12 13 14 16 18 19 | 19.1
Spellcasting   | 1 2 3 4 6 7 8 9 10 11 13 14 16 17 19 | 19.7
Conjurations   | 1 2 3 5 6 7 9 10 11 12 13 14 15 16 | 16.8
Air Magic      | 1 2 4 5 6 7 9 10 11 13 14 15 16 | 16.4
Dodging        | 1 2 3 4 5 6 7 8 9 10 | 10.0
Evocations     | 1 2 4 5 6 7 8 10 | 10.0
Shields        | 4 5 6 |  6.0
Staves         | 1 3 4 6 7 8 |  8.0
Armour         | |  3.6

Action                   |  1- 3 |  4- 6 |  7- 9 | 10-12 | 13-15 | 16-18 | 19-21 || total
-------------------------+-------+-------+-------+-------+-------+-------+-------++-------
Melee: War axe           |    66 |     7 |       |       |       |       |       ||    73
       Broad axe         |       |    17 |    84 |    53 |    70 |       |       ||   224
       Staff             |       |       |       |    19 |   149 |   170 |    89 ||   427
 Cast: Freeze            |     9 |    27 |     1 |       |       |       |       ||    37
       Magic Dart        |     1 |    57 |    80 |    47 |    84 |     1 |       ||   270
       Searing Ray       |       |     9 |    43 |    58 |    17 |       |       ||   127
       Mephitic Cloud    |       |       |    25 |    58 |    20 |     1 |    13 ||   117
       Fulminant Prism   |       |       |     1 |    50 |    18 |       |       ||    69
       Airstrike         |       |       |       |    30 |    47 |   137 |    44 ||   258
       Conjure Ball Ligh |       |       |       |       |    60 |    16 |       ||    76
       Iskenderun's Myst |       |       |       |       |     8 |    22 |     7 ||    37
       Freezing Cloud    |       |       |       |       |   175 |   195 |    53 ||   423
       Ozocubu's Refrige |       |       |       |       |    25 |    61 |    44 ||   130
       Lightning Bolt    |       |       |       |       |     1 |    82 |    46 ||   129
       Maxwell's Capacit |       |       |       |       |       |    17 |    29 ||    46
       Polar Vortex      |       |       |       |       |       |       |     6 ||     6
 Abil: Hop               |       |     2 |       |     6 |    11 |     2 |     6 ||    27
Evoke: Wand              |       |     1 |     2 |    12 |     7 |     3 |       ||    25
       Phial of floods   |       |       |       |       |     1 |       |       ||     1
  Use: Scroll            |       |    12 |     4 |    13 |     9 |     9 |     2 ||    49
       Potion            |       |     2 |       |     2 |       |     1 |    10 ||    15
 Stab: Sleeping          |     1 |       |       |       |       |       |       ||     1
       Confused          |       |       |     4 |     6 |     4 |       |     3 ||    17
       Petrified         |       |       |       |     1 |       |       |       ||     1
Armor: Scale mail        |    15 |       |       |       |       |       |       ||    15
       Robe              |     9 |     5 |    28 |     1 |       |    12 |    46 ||   101
       Steam dragon scal |       |       |       |    57 |    72 |    62 |       ||   191
       Ice dragon scales |       |       |       |       |       |     6 |       ||     6
Dodge: Dodged            |    49 |    23 |    66 |   117 |   136 |   178 |   127 ||   696
       Repelled          |       |       |     2 |     1 |     2 |     8 |     3 ||    16
Block: Buckler           |    26 |     8 |    67 |   105 |   146 |   113 |    43 ||   508
       Reflection        |       |       |     7 |     2 |    20 |    22 |       ||    51

Table legend: (Time is in decaauts)
 A = Elapsed time spent in this place.
 B = Non-inter-level travel time spent in this place.
 C = Inter-level travel time spent in this place.
 D = Time resting spent in this place.
 E = Time spent auto-exploring this place.
 F = Levels seen in this place.
 G = Mean time per level.
                   A        B        C        D        E       F      G
               +--------+--------+--------+--------+--------+-----+--------+
         Total |  61246 |  55773 |   5473 |  25228 |  18341 |  36 | 1701.3 |
       Dungeon |  21556 |  19886 |   1670 |   7537 |   8670 |  15 | 1437.1 |
          Lair |  16058 |  13282 |   2776 |   6305 |   4005 |   6 | 2676.3 |
        Shoals |   8001 |   7557 |    444 |   4003 |   1909 |   4 | 2000.2 |
   Spider Nest |   8586 |   8211 |    375 |   4261 |   2574 |   4 | 2146.5 |
  Orcish Mines |   2878 |   2679 |    199 |    976 |    624 |   2 | 1439.0 |
   Elven Halls |   2159 |   2153 |      6 |   1163 |    517 |   2 | 1079.5 |
      Ice Cave |    948 |    948 |      0 |    458 |     40 |   1 |  948.0 |
    Desolation |    103 |    103 |      0 |     11 |      0 |   1 |  103.0 |
      Gauntlet |    953 |    953 |      0 |    512 |      0 |   1 |  953.0 |
               +--------+--------+--------+--------+--------+-----+--------+

Top non-repeatable levels by time:
  Lair:6: 3380 daAuts
  Lair:1: 3016 daAuts
  Lair:4: 2907 daAuts
Shoals:4: 2818 daAuts
Spider:3: 2738 daAuts
Spider:1: 2592 daAuts
  Lair:2: 2557 daAuts
  Lair:5: 2284 daAuts
   Elf:1: 2090 daAuts
     D:8: 2045 daAuts
    D:11: 1954 daAuts
     D:6: 1914 daAuts
  Lair:3: 1911 daAuts
   Orc:2: 1859 daAuts
Shoals:2: 1779 daAuts
